 Dungeon Crawl Stone Soup version 0.30-a0-462-gd5975efbca (webtiles) character file.

Game seed: 10388611940999668972

51 NinjaNoafa the Grave Robber (level 3, -3/20 HPs)
             Began as a Deep Elf Necromancer on Dec 16, 2022.
             Slain by a black bear (4 damage)
             ... on level 3 of the Dungeon.
             The game lasted 00:02:55 (1683 turns).

NinjaNoafa the Grave Robber (Deep Elf Necromancer)  Turns: 1683, Time: 00:02:56

Health: -3/20      AC:  2    Str:  5    XL:     3   Next: 57%
Magic:  7/9        EV: 13    Int: 21    God:
Gold:   168        SH:  0    Dex: 15    Spells: 4/8 levels left

rFire   . . .      SeeInvis .    n - +2 great sword (holy)
rCold   . . .      Faith    .    (shield currently unavailable)
rNeg    . . .      Spirit   .    a - +0 robe
rPois   .          Reflect  .    (no helmet)
rElec   .          Harm     .    (no cloak)
rCorr   +          Rampage  .    (no gloves)
Will    .....                    (no boots)
Stlth   ++........               l - amulet of magic regeneration
HPRegen 0.23/turn                f - ring of resist corrosion
MPRegen 0.51/turn                (no ring)

@: weak-willed
A: no striking features
a: no special abilities


You were on level 3 of the Dungeon.
You visited 1 branch of the dungeon, and saw 3 of its levels.

You collected 168 gold pieces.

Inventory:

Hand Weapons
 n - a +2 great sword of holy wrath (weapon)
Missiles
 c - 23 stones
Armour
 a - a +0 robe (worn)
Jewellery
 f - a ring of resist corrosion (left hand)
 l - an amulet of magic regeneration (around neck)
Wands
 o - a wand of roots (4)
Scrolls
 e - 6 scrolls of identify {unknown}
 h - a scroll of teleportation {unknown}
 j - a scroll of vulnerability
 p - a scroll of fog {unknown}
Potions
 b - a potion of magic
 d - 2 potions of lignification {unknown}
 g - a potion of mutation {unknown}
 i - 3 potions of curing {unknown}
 k - a potion of resistance {unknown}
 m - a potion of degeneration {unknown}
 q - a potion of attraction {unknown}


   Skills:
 + Level 1.2 Fighting
 + Level 3.3 Dodging
 + Level 3.5 Stealth
 - Level 3.1 Spellcasting
 - Level 4.9 Necromancy


You had 4 spell levels left.
You knew the following spells:

 Your Spells              Type           Power      Damage    Failure   Level
a - Necrotise             Necr           92%        1d8       1%          1
b - Vampiric Draining     Necr           23%        2d7       5%          3

Your spell library contained the following spells:

 Spells                   Type           Power      Damage    Failure   Level
 Animate Dead             Necr           23%        N/A       17%         4
 Agony                    Necr           23%        N/A       43%         5


Dungeon Overview and Level Annotations

Branches:
Dungeon (3/15)

Altars:

Shops:
D:2 [


Message History

Found a square pearl amulet and 13 gold pieces.
There is an open door here.
The hobgoblin shouts!
The hobgoblin barely resists.
You hear an angry hiss.
An adder comes into view.
The hobgoblin writhes in agony!
You kill the hobgoblin!
The dead are walking!
Your hobgoblin skeleton hits the black bear.
Your hobgoblin skeleton hits the black bear but does no damage.
The adder bites your hobgoblin skeleton.
You open the door.
The black bear attacks as you move away!
The black bear misses you. The black bear claws you.
The black bear barely misses you.
The adder bites your hobgoblin skeleton.
Your hobgoblin skeleton is destroyed!
There is an open door here.
There's nothing to open nearby.
There's a creature in the doorway!
Casting: Necrotise (safe; 1% risk of failure)
Confirm with . or Enter, or press ? or * to list all spells.
You don't know that spell.
Casting: Necrotise (safe; 1% risk of failure)
Confirm with . or Enter, or press ? or * to list all spells.
Aiming: Vampiric Draining (quite dangerous; 5% risk of failure)
Press: ? - help, Shift-Dir - straight line, f - black bear
Aim: a black bear (lightly wounded)
You draw life force from the black bear!
The black bear bites you! The black bear claws you. x2
* * * LOW HITPOINT WARNING * * *
Okay, then.
Unknown command.
As you read the scroll labelled WIFUDGH VUNGIBO, it crumbles to dust.
Magic quickly surges around you.
It was a scroll of vulnerability.
The black bear bites you.
* * * LOW HITPOINT WARNING * * *
The black bear claws you.
You die...

#.#.##.#.# .......)....
#.#....#.# #########.##
#.######.# #.#
#........# #####.#
...####..# #.....# ...##
#..# ##+##+#### #.....##
.....##..######........#
#.......
.....'........S........#
#.....##
.....##.#######h@......#
#....... ..... #...#
#........###......#
..... #.#.#
#........##.......#
..... #.#.#
###....##.........#
..".. #.#.##
#.......##......# .....
#.#..##
#................ .....
#.##..#
#....#######+##.# ####
#.###.#####....# .# ...#
#.# #....##....# #


You could see a black bear (weak-willed) and an adder (weak-willed).

Vanquished Creatures
  2 adders
  A dart slug (D:1)
  3 endoplasms
  3 goblins
  2 hobgoblins
  2 jackals (D:2)
  A quokka (D:2)
  3 ball pythons
  A bat (D:2)
  3 frilled lizards
  6 kobolds
  3 rats
30 creatures vanquished.

Vanquished Creatures (collateral kills)
  A hobgoblin (D:2)
1 creature vanquished.

Grand Total: 31 creatures vanquished

Notes
Turn   | Place    | Note
-------+----------+-------------------------------------------
     0 | D:1      | NinjaNoafa the Deep Elf Necromancer began the quest for the
                  | Orb.
     0 | D:1      | Reached XP level 1. HP: 10/10 MP: 6/6
   284 | D:1      | Reached XP level 2. HP: 16/16 MP: 6/8
   857 | D:2      | Reached skill level 1 in Fighting
   950 | D:2      | Reached XP level 3. HP: 20/20 MP: 7/9
  1044 | D:2      | Identified the +1 leather armour of Musm {+Blink rF++ rCorr
                  | Str-2}
  1122 | D:2      | Found Guosion's Antique Armour Shop.
  1242 | D:2      | Learned a level 3 spell: Vampiric Draining
  1485 | D:3      | Found a faded altar of an unknown god.
  1665 | D:3      | Noticed a black bear
  1683 | D:3      | HP: 1/20 [black bear (4)]
  1683 | D:3      | Slain by a black bear

Illustrated notes

Levels and vault maps discovered:
D:1:      minmay_arrival_jagged, layout_loops_cross,
          amcnicky_mini_rare_corridor_liquid, minmay_misc_feat_plants,
          palyth_stone_intersect, nrook_campfire
D:2:      layout_rooms, serial_shops, shop, serial_bayou_pond_c
D:3:      layout_basic, chequers_ecumenical_altar_simple_redux

Skill      XL: |  1  2 |
---------------+-------+-----
Stealth        | 3 |  3.5
Fighting       | 1 |  1.2
Dodging        | 3 |  3.3
Spellcasting   | |  3.1
Necromancy     | |  4.9

Action                   || total
-------------------------++-------
Melee: Dagger            ||     2
 Cast: Necrotise         ||    49
       Vampiric Draining ||     1
  Use: Scroll            ||     1
Armor: Robe              ||     1
Dodge: Dodged            ||    10

Table legend: (Time is in decaauts)
 A = Elapsed time spent in this place.
 B = Non-inter-level travel time spent in this place.
 C = Inter-level travel time spent in this place.
 D = Time resting spent in this place.
 E = Time spent auto-exploring this place.
 F = Levels seen in this place.
 G = Mean time per level.
                   A        B        C        D        E       F      G
               +--------+--------+--------+--------+--------+-----+--------+
         Total |   1725 |   1684 |     41 |      0 |   1437 |   3 |  575.0 |
       Dungeon |   1725 |   1684 |     41 |      0 |   1437 |   3 |  575.0 |
               +--------+--------+--------+--------+--------+-----+--------+

Top non-repeatable levels by time:
     D:1: 750 daAuts
     D:2: 602 daAuts
     D:3: 373 daAuts
